[Event "Festival Groningen-A 2024"]
[Site "Groningen"]
[Date "2024.12.22"]
[Round "2.28"]
[White "Spit, Vincent"]
[Black "Keuning, Selwin"]
[Result "1/2-1/2"]
[ECO "B30"]
[WhiteElo "2113"]
[BlackElo "2180"]
[Annotator "RC"]
[PlyCount "90"]
[EventDate "2024.12.21"]
[EventType "swiss"]
[EventCountry "NED"]
[SourceTitle "playchess.com"]
[Source "ChessBase"]
[SourceQuality "1"]
[TimeControl "40/5400+30:1800+30"]

1. e4 c5 2. Nf3 Nc6 3. Bb5 e5 4. O-O Bd6 5. Nc3 a6 6. Bxc6 dxc6 7. a4 Nf6 8. d3 O-O 9. h3 Qe7 10. a5 Bc7 11. Be3 Rd8 12. Qe2 Nd7 13. Nd2 Nf8 14. Na4 Bxa5 15. Bxc5 Qg5 16. Nf3 Qh5 17. b4 Bc7 18. Bb6 Bxb6 19. Nxb6 Rb8 20. Nxc8 Rbxc8 21. Ra5 f6 22. d4 b5 23. dxe5 fxe5 24. Rxa6 Ne6 25. Qe3 Nf4 26. Kh2 Rd6 27. Rg1 Rf8 28. Ne1 Rh6 29. Ra3 Qd1 30. Qb3+ Kh8 31. Nf3 Qd6 32. Ra7 Ne6 33. Rga1 Rg6 34. Nh4 Rgf6 35. Nf5 Qd2 36. Ra8 h6 37. Rxf8+ Nxf8 38. f3 Rg6 39. Ne3 Ne6 40. Rd1 Qf2 41. Kh1 h5 42. Qc3 Nf4 43. Rf1 Qe2 44. Re1 Qf2 45. Rf1 Qe2 1/2-1/2

[Event "Festival Groningen-A 2024"]
[Site "Groningen"]
[Date "2024.12.22"]
[Round "2.29"]
[White "Duson, Robin"]
[Black "Ponnio, Toni"]
[Result "1/2-1/2"]
[ECO "D20"]
[WhiteElo "2159"]
[BlackElo "2111"]
[Annotator "RC"]
[PlyCount "54"]
[EventDate "2024.12.21"]
[EventType "swiss"]
[EventCountry "NED"]
[SourceTitle "playchess.com"]
[Source "ChessBase"]
[SourceQuality "1"]
[TimeControl "40/5400+30:1800+30"]

1. d4 d5 2. c4 dxc4 3. Nf3 c5 4. e4 cxd4 5. Qxd4 Qxd4 6. Nxd4 Bd7 7. Bxc4 Nc6 8. Be3 Rc8 9. Nd2 a6 10. Ke2 e6 11. Rac1 Nxd4+ 12. Bxd4 Ne7 13. a3 Nc6 14. Bb6 Bd6 15. Ba2 O-O 16. Nc4 Be7 17. Rhd1 Nb8 18. Na5 Ba4 19. Bb3 Bxb3 20. Nxb3 Bf6 21. Bd4 Bxd4 22. Rxc8 Rxc8 23. Rxd4 Kf8 24. Kd2 Ke7 25. Na5 Nc6 26. Nxc6+ Rxc6 27. e5 Rc5 1/2-1/2

[Event "Festival Groningen-A 2024"]
[Site "Groningen"]
[Date "2024.12.22"]
[Round "2.30"]
[White "Wouters, Casper"]
[Black "De Boer, Bas"]
[Result "1/2-1/2"]
[ECO "B40"]
[WhiteElo "2110"]
[BlackElo "2157"]
[Annotator "RC"]
[PlyCount "156"]
[EventDate "2024.12.21"]
[EventType "swiss"]
[EventCountry "NED"]
[SourceTitle "playchess.com"]
[Source "ChessBase"]
[SourceQuality "1"]
[TimeControl "40/5400+30:1800+30"]

1. e4 c5 2. Nf3 e6 3. g3 Nc6 4. Bg2 Nf6 5. Qe2 d5 6. exd5 Nxd5 7. O-O Be7 8. Rd1 Ndb4 9. d3 Nd4 10. Nxd4 cxd4 11. c3 Nc6 12. Nd2 O-O 13. Nb3 Bf6 14. Bd2 e5 15. Rac1 a5 16. cxd4 exd4 17. Nc5 Re8 18. Qf1 Qb6 19. b3 Nb4 20. a3 Na2 21. Rc4 Be6 22. Nxe6 Rxe6 23. Bd5 Rd6 24. Qg2 Rad8 25. Bxb7 Qxb3 26. Re1 Qxa3 27. Rc8 Rxc8 28. Bxc8 Rd8 29. Qc6 Nc3 30. Bf5 Qf8 31. Bf4 Nd5 32. Bd2 Ne7 33. Qe4 Nxf5 34. Qxf5 a4 35. Qb5 Ra8 36. Bb4 Qb8 37. Qc5 Qc8 38. Qd6 h6 39. Re4 Qc1+ 40. Re1 Qc2 41. Qd5 Rd8 42. Qb5 Qb3 43. Ra1 Ra8 44. Qc6 Rb8 45. Bd6 Rd8 46. Bc5 Qxd3 47. Qxa4 Qc3 48. Bb4 Qc4 49. Bd2 Qe2 50. Qa5 Qf3 51. Re1 Ra8 52. Qb4 h5 53. h4 g6 54. Bf4 Qc3 55. Qxc3 dxc3 56. Kf1 Bd4 57. Rd1 Bc5 58. Rc1 Bb4 59. Rc2 f6 60. Ke2 Rd8 61. Bc7 Rd7 62. Bb6 Kf7 63. Ke3 Ke6 64. Bd4 Rc7 65. Kd3 Kf5 66. f3 Bd6 67. g4+ hxg4 68. fxg4+ Kxg4 69. Bxf6 Bg3 70. Rg2 c2 71. Rxc2 Rxc2 72. Kxc2 Bxh4 73. Bg7 Kf5 74. Kd1 g5 75. Ke2 g4 76. Kf1 Be7 77. Kg2 Bf6 78. Bf8 Be5 1/2-1/2